Map: Catalyst LE

Players

Seismic

  • Race: Terran Terran
  • League: Gold
  • Spawn Location: 5:00

A.I. 1 (Easy) - Winner!

  • Race: Protoss Protoss
  • Spawn Location: 11:00

VOD

Have the link to the VOD?

Description

Time

  • Played on: March 2, 2018, 7:14 p.m.
  • Length: 8:28
Show
View Real Time Build Order
Export as new Build Order

Seismic Terran 

Build Orders: MMM Bio 

Get SALT Encoding   

  12  0:00  SCV  
  13  0:13  SCV  
  14  0:17  Supply Depot  
  14  0:25  SCV  
  15  0:29  Refinery  
  15  0:39  SCV  
  16  0:46  Barracks  
  16  0:51  SCV  
  17  1:03  SCV  
  18  1:15  SCV  
  19  1:33  Barracks Reactor  
  19  1:35  Orbital Command  
  19  1:51  Command Center  
  19  2:03  Factory  
  19  2:07  SCV  
  20  2:11  Marine  
  21  2:22  Supply Depot, SCV  
  22  2:26  Marine  
  23  2:43  SCV  
  24  2:48  Starport, Factory Tech Lab  
  24  2:55  SCV  
  24  2:57  Refinery  
  25  3:07  Orbital Command  
  25  3:08  SCV  
  26  3:18  Marine x2  
  28  3:20  SCV  
  29  3:32  SCV  
  30  3:37  SCV  
  30  3:39  Supply Depot  
  30  3:40  Marine x2  
  33  3:42  Siege Tank  
  33  3:44  SCV  
  37  3:49  SCV  
  38  3:56  SCV  
  38  3:58  Marine x2  
  38  4:01  SCV  
  42  4:07  Supply Depot  
  42  4:08  SCV  
  43  4:13  SCV  
  43  4:14  Siege Tank  
  47  4:20  SCV  
  47  4:21  Refinery x2  
  48  4:26  Barracks  
  48  4:29  Barracks  
  48  4:30  SCV, Supply Depot  
  49  4:32  SCV  
  49  4:38  Marine x2  
  51  4:45  SCV x2  
  54  4:47  Siege Tank  
  57  4:52  Engineering Bay  
  57  4:54  Supply Depot  
  57  4:58  SCV x2  
  59  5:01  Marine  
  59  5:02  Marine  
  61  5:14  SCV x2  
  61  5:16  Barracks Reactor  
  61  5:19  Siege Tank  
  61  5:20  Barracks Tech Lab  
  66  5:21  Barracks Tech Lab  
  66  5:26  SCV x2  
  66  5:27  Terran Infantry Weapons Level 1  
  68  5:28  Marine x2  
  68  5:32  Starport Reactor  
  70  5:38  SCV x2  
  70  5:39  Marine x2  
  74  5:47  Stimpack  
  74  5:49  Combat Shields  
  74  5:50  Barracks  
  74  5:51  Siege Tank  
  74  5:52  Barracks  
  77  6:00  Supply Depot  
  77  6:08  Supply Depot x2  
  77  6:09  Supply Depot  
  77  6:10  Marine  
  78  6:21  Medivac x2, Marine x3  
  85  6:38  Marine  
  85  6:39  Supply Depot  
  88  6:42  Supply Depot  
  87  6:48  Barracks Reactor  
  87  6:49  Barracks Reactor  
  87  6:52  Marine  
  87  6:53  Marine  
  87  6:54  Marine  
  89  6:55  Siege Tank  
  89  6:56  Medivac x2  
  96  7:02  Marine  
  96  7:10  Marine x2  
  96  7:15  Supply Depot  
  98  7:17  Supply Depot  
  98  7:19  Marine  
  98  7:20  Marine  
  100  7:26  Medivac  
  100  7:27  Siege Tank  
  100  7:28  Marine x4  
  100  7:29  Marine x2  
  111  7:34  Medivac  
  111  7:36  Marine  
  114  7:38  Marine  
  115  7:46  Marine x4  
  115  7:47  Marine x2  
  121  7:54  Marine  
  121  7:56  Medivac  
  124  8:02  Marine  
  124  8:05  Marine x3  
  131  8:06  Marine x2  
  131  8:07  Marine  
Show
View Real Time Build Order
Export as new Build Order

A.I. 1 (Easy) Protoss - Winner!

Build Orders:  

Get SALT Encoding   

  12  0:00  Probe  
  13  0:13  Probe  
  14  0:20  Pylon  
  14  0:25  Probe  
  15  0:35  Probe  
  16  0:45  Assimilator  
  16  0:50  Gateway  
  16  0:54  Pylon  
  16  1:20  Assimilator  
  16  1:30  Zealot  
  16  1:39  Cybernetics Core  
  18  2:08  Probe  
  18  2:09  Pylon  
  19  2:15  Stalker  
  19  2:16  Warp Gate  
  19  2:19  Probe  
  22  2:31  Probe  
  23  2:43  Probe  
  24  2:49  Adept  
  26  2:55  Probe  
  27  3:03  Probe  
  28  3:23  Stalker  
  30  3:56  Adept  
  32  6:56  Probe  
  32  7:01  Stalker  
  35  7:02  Pylon  
  35  7:07  Nexus  
  35  7:18  Probe  
  36  7:22  Robotics Facility  
  36  7:24  Stalker  
  36  7:25  Pylon  
  28  7:46  Sentry  
  30  8:06  Observer  
  30  8:09  Stalker  
Tags
 
Composition
MMM Bio
League
Gold
Matchup
PvT
Spawn Locations
Cross Positions
Add a new tag
Caveats
  • Supply blocks, unpowered buildings, or Contaminate may cause inaccurate times.
  • Supply counts are checked every 10 seconds.